 Dungeon Crawl Stone Soup version 0.24.0-123-gd5b16e6ec5 (webtiles) character file.

Game seed: 257456262244083600, levelgen mode: deterministic

132109 Goreval the Minotaur Blade (level 16, -2/228 HPs)
             Began as a Minotaur Berserker on Jan 12, 2020.
             Was the Champion of Trog.
             Slain by a seven-headed hydra simulacrum (14 damage)
             ... on level 4 of the Swamp.
             The game lasted 00:59:59 (35018 turns).

Goreval the Minotaur Blade (Minotaur Berserker)    Turns: 35018, Time: 01:00:00

Health: -2/228     AC: 28    Str: 31    XL:     16   Next: 56%
Magic:  13/13      EV: 16    Int:  4    God:    Trog [******]
Gold:   1816       SH:  0    Dex: 12    Spells: 15/15 levels left

rFire    + . .     SeeInvis +   a - +4 great sword (vamp)
rCold    + . .     Gourm    +   (shield currently unavailable)
rNeg     + . .     Faith    .   o - +5 chain mail
rPois    +         Spirit   .   F - +2 hat {SInv}
rElec    .         Reflect  .   I - +2 ratskin cloak {+Rats rPois rN+ Str-1 Int-1 Dex+1}
rCorr    +         Harm     .   l - +2 pair of gloves
MR       +....                  (no boots)
Stlth    ..........             r - amulet of the gourmand
HPRegen  0.48/turn              q - ring of protection from cold
MPRegen  0.13/turn              A - ring of resist corrosion

@: berserking, very quick
A: retaliatory headbutt, horns 2, fire resistance 1, low mp 1
a: Berserk, Trog's Hand, Brothers in Arms, Renounce Religion, Evoke Ratskin


You were on level 4 of the Swamp.
You worshipped Trog.
Trog was exalted by your worship.
You were not hungry.

You visited 4 branches of the dungeon, and saw 27 of its levels.

You collected 3052 gold pieces.
You spent 1236 gold pieces at shops.

Inventory:

Hand Weapons
 a - a +4 vampiric great sword (weapon)
 b - a +0 scimitar of flaming
 t - a +1 rapier of flaming
 G - a +3 vampiric long sword
 T - a +5 antimagic triple sword
Missiles
 i - 941 stones (quivered)
 J - 4 throwing nets
Armour
 l - a +2 pair of gloves (worn)
 o - a +5 chain mail (worn)
 D - the +7 large shield of Aness {rF+ rC+ rN+}
   (You found it on level 10 of the Dungeon)

   It protects you from fire.
   It protects you from cold.
   It protects you from negative energy.
 F - a +2 hat of see invisible (worn)
 I - the +2 ratskin cloak (worn) {+Rats rPois rN+ Str-1 Int-1 Dex+1}
   (You bought it in a shop on level 2 of the Orcish Mines)

   It affects your strength (-1).
   It affects your intelligence (-1).
   It affects your dexterity (+1).
   It protects you from poison.
   It protects you from negative energy.
 M - +0 fire dragon scales
Jewellery
 n - an uncursed ring of ice
 q - a ring of protection from cold (left hand)
 r - an amulet of the gourmand (around neck)
 u - an uncursed ring of ice
 A - a ring of resist corrosion (right hand)
 L - an uncursed ring of fire
Wands
 s - a wand of iceblast (33)
 w - a wand of digging (18)
 x - a wand of clouds (10)
Scrolls
 g - 7 scrolls of remove curse
 j - 25 scrolls of identify
 m - 2 scrolls of enchant weapon
 p - 5 scrolls of fear
 H - 4 scrolls of teleportation
 O - a scroll of fog
 P - a scroll of enchant armour
 S - a scroll of holy word
Potions
 d - 2 potions of might
 e - 6 potions of heal wounds
 f - 4 potions of mutation
 h - 6 potions of brilliance
 k - 7 potions of agility
 v - 12 potions of curing
 z - 4 potions of lignification
 E - 2 potions of ambrosia
 K - 2 potions of resistance
 N - 2 potions of flight
 Q - a potion of magic
Comestibles
 c - 42 rations


   Skills:
 + Level 16.3 Fighting
 + Level 21.2 Long Blades
 + Level 16.1 Armour
 + Level 13.6 Dodging
 - Level 2.5 Shields


You had 15 spell levels left.
You didn't know any spells.
Your spell library was empty.

Dungeon Overview and Level Annotations

Branches:
Dungeon (15/15)            Temple (0/1) D:6            Lair (6/6) D:8
  Swamp (4/4) Lair:2       Spider (0/4) Lair:2        Slime (0/5) Lair:6
    Orc (2/2) D:9             Elf (0/3) Orc:2        Vaults (0/5) D:14
 Depths (0/5) D:15

Altars:
Fedhas
Gozag
Okawaru
Qazlal
Xom
The Shining One
Beogh

Shops:
D:5 [(*   D:8 [   D:9 (   Orc:2 *[[[(


Innate Abilities, Weirdness & Mutations

You reflexively headbutt those who attack you in melee.
You have a pair of horns on your head.
Your flesh is heat resistant. (rF+)
Your magical capacity is low. (-10% MP)


Message History

The blast of cold misses you.
The seven-headed hydra simulacrum bites you but does no damage.
The seven-headed hydra simulacrum bites you!
* * * LOW HITPOINT WARNING * * *
The seven-headed hydra simulacrum freezes you!
You resist.
* * * LOW HITPOINT WARNING * * *
The seven-headed hydra simulacrum barely misses you.
The seven-headed hydra simulacrum misses you.
The seven-headed hydra simulacrum closely misses you.
The seven-headed hydra simulacrum bites you.
* * * LOW HITPOINT WARNING * * *
The seven-headed hydra simulacrum freezes you!
You resist.
* * * LOW HITPOINT WARNING * * *
The seven-headed hydra simulacrum bites you.
* * * LOW HITPOINT WARNING * * *
The seven-headed hydra simulacrum freezes you!
You resist.
You die...

#).# #≈.≈≈♣♣ ♣♣≈
#.^# ♣♣..♣♣♣♣♣♣♣♣≈
#..##♣≈≈..♣♣≈.≈♣≈≈
##..#♣♣≈≈..♣♣≈..≈≈
##♣.## ♣≈≈≈♣.♣≈.≈≈≈
#...##♣≈≈≈♣♣♣.≈..≈≈
###..#♣≈≈♣♣ ♣♣.≈≈≈≈
##○.##♣♣♣♣♣♣♣♣.....
#.@♣# ♣♣≈≈.♣...≈
#.Z# ♣♣≈≈..♣♣≈..
#..# ♣≈≈≈≈..♣♣..
#.D## ♣♣≈≈≈≈..♣..
##).# ♣♣≈≈≈≈≈.≈≈
##..# ♣♣≈≈≈≈≈≈≈
#♣.# ♣♣♣≈≈≈≈♣ ..°
♣♣♣♣♣♣ ≈≈.≈


You could see an ice dragon and a seven-headed hydra simulacrum.

Vanquished Creatures
  Jorgrun (Orc:2)
  Gastronok (D:12)
  A thorn hunter (Swamp:3)
  An azure jelly (Swamp:4)
  An orc warlord (Orc:2)
  2 entropy weavers (Lair:4)
  A fire dragon (Lair:6)
  An ettin (D:15)
  Harold (D:7)
  13 hydras
  2 ogre magi (D:15)
  2 ice dragons
  A shambling mangrove (Swamp:2)
  A ghost crab (Swamp:4)
  4 centaur warriors
  10 alligators
  9 two-headed ogres
  5 death yaks (Lair:6)
  A queen ant (Lair:4)
  2 tengu warriors (D:14)
  An orc high priest (Orc:2)
  Urug (D:12)
  7 spriggans
  3 skeletal warriors (D:14)
  An unseen horror (D:14)
  A deep troll (D:15)
  4 swamp dragons
  An obsidian statue (D:14)
  2 spriggan druids
  An orc knight (Orc:2)
  2 lindwurms (Lair:6)
  An orange crystal statue (D:14)
  4 deep elf magi
  A necromancer (D:14)
  3 orc sorcerers
  3 cyclopes
  A wolf spider zombie (D:13)
  5 ugly things
  A wolf spider (Lair:2)
  2 manticores (D:13)
  10 elephants
  6 torpor snails (Lair:6)
  5 black mambas
  3 centaur zombies
  A centaur skeleton (D:14)
  Psyche (D:12)
  An ice statue (D:15)
  15 spiny frogs
  2 rime drakes
  2 efreet (D:15)
  6 komodo dragons
  3 freezing wraiths (Swamp:4)
  4 tengu conjurers
  A queen bee (D:9)
  10 trolls
  13 hornets
  A polar bear (Lair:4)
  8 blink frogs
  2 jumping spiders (Lair:2)
  12 tyrant leeches
  8 bog bodies
  5 dream sheep (Lair:6)
  14 slime creatures
  9 hippogriffs
  Sigmund (D:2)
  4 shadows
  3 wyverns
  A wraith (D:11)
  A water elemental (D:13)
  42 yaks
  3 hungry ghosts
  5 basilisks
  4 swamp worm simulacra (Swamp:4)
  16 swamp worms
  29 vampire mosquitoes
  3 steam dragons (Lair:6)
  2 wargs (Orc:2)
  7 insubstantial wisps
  3 acid dragons
  10 hydra simulacra (Swamp:4)
  9 water moccasins
  9 porcupines
  19 soldier ants
  6 swamp drakes
  25 orc warriors
  2 ice beasts
  An eye of draining (D:11)
  4 black bears (D:8)
  3 sky beasts
  10 ogres
  3 wolves (Lair:5)
  5 boggarts (D:14)
  A phantom (D:11)
  7 centaurs
  11 crocodiles
  A big kobold (D:12)
  14 bullfrogs
  3 wyvern zombies
  A wyvern skeleton (D:14)
  2 scorpions
  40 killer bees
  3 wights (D:13)
  2 electric eels
  4 howler monkeys
  11 crimson imps
  3 bullfrog zombies
  7 jellies
  Crazy Yiuf (D:5)
  9 hounds
  16 orc priests
  25 orc wizards
  A bullfrog skeleton (D:6)
  Terence (D:2)
  3 iguanas
  22 worker ants
  A hound zombie (D:5)
  Robin (D:3)
  8 gnolls
  15 adders
  4 shadow imps
  4 swamp drake simulacra (Swamp:4)
  3 oozes
  An adder zombie (D:7)
  A worm (D:4)
  5 dart slugs
  2 leopard geckos
  89 orcs
  3 giant cockroaches
  22 goblins
  6 hobgoblins
  24 jackals
  12 quokkas
  7 bats
  5 frilled lizards
  7 kobolds
  7 rats
  4 plants
896 creatures vanquished.

Vanquished Creatures (collateral kills)
  2 spriggans (Swamp:4)
  An orc knight (Orc:2)
  A freezing wraith (Swamp:4)
  2 hornets (Swamp:4)
  3 insubstantial wisps (Swamp:4)
  3 orc warriors
  2 orc wizards (Orc:2)
  An orc priest (Orc:2)
  A shadow imp (D:9)
  8 orcs
24 creatures vanquished.

Vanquished Creatures (others)
  A hornet (Swamp:4)
  A spriggan (Swamp:4)
  A swamp worm (Swamp:4)
  An orc wizard (Orc:2)
  A shadow imp (D:15)
  20 fungi
  18 plants
43 creatures vanquished.

Grand Total: 963 creatures vanquished

Notes
Turn   | Place    | Note
-------+----------+-------------------------------------------
     0 | D:1      | Goreval the Minotaur Berserker began the quest for the Orb.
     0 | D:1      | Reached XP level 1. HP: 19/19 MP: 0/0
    57 | D:1      | Reached XP level 2. HP: 24/27 MP: 1/1
   112 | D:1      | Reached skill level 4 in Long Blades
   353 | D:1      | Reached XP level 3. HP: 31/33 MP: 2/2
   829 | D:1      | Reached ** piety under Trog
  1058 | D:2      | Noticed Sigmund
  1068 | D:2      | Killed Sigmund
  1068 | D:2      | Reached skill level 5 in Long Blades
  1068 | D:2      | Reached XP level 4. HP: 41/41 MP: 3/3
  1068 | D:2      | Reached XP level 5. HP: 47/47 MP: 4/4
  1190 | D:2      | Noticed Terence
  1206 | D:2      | Killed Terence
  1206 | D:2      | Reached skill level 6 in Long Blades
  1233 | D:2      | Reached skill level 5 in Fighting
  1263 | D:2      | Found a stormy altar of Qazlal.
  1275 | D:2      | Found a shimmering altar of Xom.
  1715 | D:3      | Noticed Robin
  1726 | D:3      | Killed Robin
  1726 | D:3      | Reached XP level 6. HP: 56/56 MP: 5/5
  1958 | D:3      | Reached *** piety under Trog
  2632 | D:3      | Found a faded altar of an unknown god.
  2674 | D:3      | Reached skill level 7 in Long Blades
  3001 | D:4      | Reached XP level 7. HP: 62/62 MP: 6/6
  3009 | D:4      | Reached skill level 5 in Armour
  3252 | D:4      | Found an iron altar of Okawaru.
  3362 | D:4      | Reached **** piety under Trog
  3478 | D:4      | Reached skill level 8 in Long Blades
  3727 | D:5      | Entered Level 5 of the Dungeon
  3993 | D:5      | Found Vuof's General Store.
  4027 | D:5      | Found a blossoming altar of Fedhas.
  4175 | D:5      | Reached XP level 8. HP: 41/71 MP: 7/7
  4569 | D:5      | Found Hoeh's Armour Boutique.
  4656 | D:5      | Found Jaija's Weapon Emporium.
  4794 | D:5      | Found a runed translucent door.
  4795 | D:5      | Noticed Crazy Yiuf
  5001 | D:5      | Killed Crazy Yiuf
  5089 | D:6      | Reached skill level 9 in Long Blades
  5241 | D:6      | Found a glowing golden altar of the Shining One.
  5259 | D:6      | Found a staircase to the Ecumenical Temple.
  5479 | D:6      | Reached skill level 10 in Long Blades
  6213 | D:7      | Noticed Harold
  6225 | D:7      | Killed Harold
  6225 | D:7      | Reached skill level 11 in Long Blades
  6225 | D:7      | Reached XP level 9. HP: 82/82 MP: 8/8
  6571 | D:7      | Got a pitted chain mail
  6974 | D:7      | Identified the +3 chain mail of Wacvetudo {Dex+4} (You
                  | found it on level 7 of the Dungeon)
  7170 | D:8      | Noticed a two-headed ogre
  7179 | D:8      | Killed a two-headed ogre
  7179 | D:8      | Reached skill level 12 in Long Blades
  7206 | D:8      | Found a staircase to the Lair.
  7225 | D:8      | Reached XP level 10. HP: 91/91 MP: 9/9
  7809 | D:8      | Reached ***** piety under Trog
  7941 | D:8      | Found Labliade's Antique Armour Shop.
  8350 | D:9      | Received a gift from Trog
  8442 | D:9      | Reached skill level 13 in Long Blades
  8442 | D:9      | Reached skill level 5 in Dodging
  8446 | D:9      | Reached skill level 10 in Fighting
  8489 | D:9      | Noticed a two-headed ogre
  8502 | D:9      | Killed a two-headed ogre
  8644 | D:9      | Reached skill level 10 in Armour
  8653 | D:9      | Reached XP level 11. HP: 101/101 MP: 10/10
  8691 | D:9      | Reached skill level 14 in Long Blades
  8934 | D:9      | Found a staircase to the Orcish Mines.
  8934 | D:9      | Found Dyrcha Nynofa's Weapon Emporium.
  8959 | D:9      | Bought a +0 great sword for 91 gold pieces
  9109 | D:9      | Found an opulent altar of Gozag.
  9265 | D:10     | Entered Level 10 of the Dungeon
  9370 | D:10     | Noticed a two-headed ogre
  9376 | D:10     | Killed a two-headed ogre
  9548 | D:10     | Got a crude large shield
  9690 | D:9      | Identified the +7 large shield of Aness {rF+ rC+ rN+} (You
                  | found it on level 10 of the Dungeon)
  9808 | D:10     | Received a gift from Trog
  9809 | D:10     | Reached skill level 1 in Shields
 10368 | D:11     | Noticed a brown ugly thing
 10373 | D:11     | Killed a brown ugly thing
 10792 | D:11     | Noticed a green ugly thing
 10798 | D:11     | Killed a green ugly thing
 10801 | D:11     | Noticed a white ugly thing
 10810 | D:11     | Killed a white ugly thing
 11225 | D:11     | Reached skill level 15 in Long Blades
 11444 | Lair:1   | Entered Level 1 of the Lair of Beasts
 11681 | Lair:1   | Reached XP level 12. HP: 110/110 MP: 3/11
 12383 | Lair:2   | Found a gate leading to a gauntlet.
 12663 | Lair:2   | Got a smoking long sword
 12667 | Lair:2   | Identified the +4 long sword "Sonongar" {elec, Int+3} (You
                  | found it on level 2 of the Lair of Beasts)
 12789 | Lair:2   | Found a hole to the Spider Nest.
 13474 | Lair:2   | Found a staircase to the Swamp.
 14262 | Lair:3   | Reached skill level 16 in Long Blades
 15026 | Lair:3   | Noticed a four-headed hydra
 15033 | Lair:3   | Killed a six-headed hydra
 15838 | Lair:4   | Noticed a queen ant
 15853 | Lair:4   | Killed a queen ant
 15858 | Lair:4   | Noticed an entropy weaver
 15870 | Lair:4   | Noticed an entropy weaver
 16416 | Lair:4   | Reached XP level 13. HP: 99/119 MP: 4/12
 16503 | Lair:4   | Killed an entropy weaver
 16503 | Lair:4   | Received a gift from Trog
 16570 | Lair:4   | Killed an entropy weaver
 17319 | Lair:4   | Reached skill level 17 in Long Blades
 18682 | Lair:6   | Entered Level 6 of the Lair of Beasts
 19154 | Lair:6   | Reached skill level 10 in Dodging
 19159 | Lair:6   | Reached ****** piety under Trog
 19276 | Lair:6   | Found a staircase to the Slime Pits.
 19300 | Lair:6   | Received a gift from Trog
 19313 | Lair:6   | Reached skill level 18 in Long Blades
 20057 | Lair:6   | Noticed a fire dragon
 20079 | Lair:6   | Reached XP level 14. HP: 130/130 MP: 13/13
 20699 | Lair:6   | Found a runed translucent door.
 20886 | Lair:6   | Paralysed by a hornet for 3 turns
 20911 | Lair:6   | Paralysed by a hornet for 3 turns
 20988 | Lair:6   | Paralysed by a hornet for 1 turns
 21510 | D:12     | Noticed Urug
 21521 | D:12     | Killed Urug
 21637 | D:12     | Noticed Gastronok
 21642 | D:12     | Received a gift from Trog
 21654 | D:12     | Killed Gastronok
 22007 | D:12     | Noticed Psyche
 22014 | D:12     | Killed Psyche
 22415 | D:13     | Reached skill level 19 in Long Blades
 22597 | Orc:1    | Entered Level 1 of the Orcish Mines
 22900 | Orc:2    | Entered Level 2 of the Orcish Mines
 23042 | Orc:2    | Found Juyvia Vaxe's Mass Market.
 23179 | Orc:2    | Found a staircase to the Elven Halls.
 23403 | Orc:2    | Noticed Jorgrun
 23422 | Orc:2    | Killed Jorgrun
 23717 | Orc:2    | Found a roughly hewn altar of Beogh.
 23746 | Orc:2    | Found a roughly hewn altar of Beogh.
 23822 | Orc:2    | Received a gift from Trog
 23826 | Orc:2    | Noticed an orc warlord
 23852 | Orc:2    | Killed an orc warlord
 23856 | Orc:2    | HP: 1/199 [orc priest/divine providence (13)]
 24377 | Orc:2    | Found a roughly hewn altar of Beogh.
 24402 | Orc:2    | Found a roughly hewn altar of Beogh.
 24421 | Orc:2    | Found Viwum's Antique Armour Shoppe.
 24435 | Orc:2    | Bought the +2 ratskin cloak {+Rats rPois rN+ Str-1 Int-1
                  | Dex+1} for 973 gold pieces
 24435 | Orc:2    | Found the +2 ratskin cloak {+Rats rPois rN+ Str-1 Int-1
                  | Dex+1}
 24474 | Orc:1    | Paralysed by an orc sorcerer for 2 turns
 24581 | Orc:2    | Received a gift from Trog
 24685 | Orc:2    | Found a roughly hewn altar of Beogh.
 24718 | Orc:2    | Found a roughly hewn altar of Beogh.
 24746 | Orc:2    | Found a roughly hewn altar of Beogh.
 24753 | Orc:2    | Found Ciruudia's Armour Emporium.
 24865 | Orc:2    | Found Wublismi's Antique Armour Shoppe.
 24866 | Orc:2    | Found a roughly hewn altar of Beogh.
 24867 | Orc:2    | Found Kihup's Antique Weapon Emporium.
 24874 | Orc:2    | Bought a pair of runed gloves for 172 gold pieces
 25471 | D:13     | Reached XP level 15. HP: 139/139 MP: 14/14
 25655 | D:13     | Identified the +3 leather armour of Impatience {*Slow rF+
                  | Str+2 Stlth+}
 26054 | D:13     | Received a gift from Trog
 26057 | D:13     | Got a bloodstained long sword {god gift}
 26059 | D:13     | Identified the +2 long sword of Death {venom, rF+ Int-2
                  | SInv} (Trog gifted it to you on level 13 of the Dungeon)
 26726 | D:14     | Identified the +6 trident of Breach {freeze, rC+}
 26736 | D:14     | Reached skill level 15 in Fighting
 26749 | D:14     | Found a gate to the Vaults.
 26935 | D:14     | Lost intelligence.
 26951 | D:14     | Got a faintly humming scale mail
 26963 | D:14     | Identified the cursed +1 scale mail "Souxicwe" {MP+9} (You
                  | found it on level 14 of the Dungeon)
 27095 | D:14     | Lost intelligence.
 27180 | D:14     | Reached skill level 20 in Long Blades
 27230 | D:14     | Lost intelligence.
 27877 | D:15     | Entered Level 15 of the Dungeon
 27993 | D:15     | Found a staircase to the Depths.
 28003 | D:15     | Reached skill level 15 in Armour
 29235 | Swamp:1  | Entered Level 1 of the Swamp
 29586 | Swamp:1  | Gained mutation: Your body sometimes deteriorates upon
                  | taking damage. [potion of mutation]
 29586 | Swamp:1  | Gained mutation: Your spells are a little harder to cast,
                  | but a little more powerful. [potion of mutation]
 29587 | Swamp:1  | Lost mutation: Your spells are a little harder to cast, but
                  | a little more powerful. [potion of mutation]
 29587 | Swamp:1  | Lost mutation: Your body sometimes deteriorates upon taking
                  | damage. [potion of mutation]
 29587 | Swamp:1  | Gained mutation: Your magical capacity is low. (-10% MP)
                  | [potion of mutation]
 29587 | Swamp:1  | Gained mutation: Your flesh is heat resistant. (rF+)
                  | [potion of mutation]
 30509 | Swamp:2  | Received a gift from Trog
 31045 | Swamp:2  | Reached XP level 16. HP: 150/150 MP: 13/13
 32046 | Swamp:3  | Got a polished mace
 32064 | Swamp:3  | Noticed a thorn hunter
 32074 | Swamp:3  | Killed a thorn hunter
 33119 | Swamp:4  | Entered Level 4 of the Swamp
 33134 | Swamp:4  | Reached skill level 21 in Long Blades
 33192 | Swamp:4  | Received a gift from Trog
 34315 | Swamp:4  | HP: 6/151 [eight-headed hydra simulacrum (8)]
 35018 | Swamp:4  | Slain by a seven-headed hydra simulacrum

Levels and vault maps discovered:
D:1:      psy_arrival_basics, layout_basic
D:2:      minmay_door_path, layout_rooms, brannock_xom_greatest_gift,
          nicolae_qazlal_general_emergency, first_ration, serial_rivers,
          chequers_serial_rivers_micro_a, chequers_serial_rivers_small_b,
          chequers_serial_rivers_micro_a, chequers_serial_rivers_marsh,
          chequers_serial_rivers_micro_e, chequers_serial_rivers_large_b,
          uniq_sigmund, uniq_terence
D:3:      layout_loops_cross, chequers_ecumenical_altar_lobes, uniq_robin
D:4:      layout_gridville, okawaru_gym_becter
D:5:      layout_loops_corners, fedhas_bush_and_centaur_altar, serial_shops,
          shop, shop, nicolae_shop_crystal, eino_tiny_chamber,
          uniq_crazy_yiuf_cottage
D:6:      layout_gridville, kennysheep_mini_moat,
          minmay_temple_entry_glassed_door, moated_statue, chequers_avenue
D:7:      layout_basic, uniq_harold
D:8:      layout_loops_ring, due_lair_maze_entry_diamond, serial_shops, shop
D:9:      layout_cave_pools, nicolae_gozag_seed_capital, orc_david_3,
          david_nohive_1
D:10:     layout_roguey
D:11:     layout_roguey, statue_in_the_mist_lemuel
D:12:     layout_big_octagon, chequers_serial_rivers_small_3, uniq_psyche,
          uniq_gastronok, uniq_urug
D:13:     layout_irregular_city, serial_bayou, serial_bayou_pond_a,
          serial_bayou_pond_e, serial_bayou_pond_c, serial_bayou_lagoon_a,
          hangedman_decor_opposing
D:14:     layout_long_grid, david_vaults_1, serial_rivers,
          chequers_serial_rivers_marsh, chequers_serial_rivers_micro_c,
          chequers_serial_rivers_micro_a, chequers_serial_rivers_small_3,
          chequers_serial_rivers_small_3, chequers_serial_rivers_small_3,
          nicolae_sextant, minmay_more_statues
D:15:     hangedman_depths_entry_civil_slaughter, layout_basic, nrook_campfire,
          minivault_16
Lair:1:   layout_loops_ring, lemuel_fruit_tree
Lair:2:   layout_loops_ring, nicolae_swamp_entry_splash_gauntlet,
          spider_nest_entry_funnel_web, gauntlet_entry_generic
Lair:3:   layout_long_grid, serial_bayou, serial_bayou_pond_e,
          serial_bayou_pond_c, serial_bayou_pond_b, serial_bayou_shore_b,
          serial_bayou_crossing, st_stairs_5
Lair:4:   layout_loops_ring, zaba_antful_of_joy
Lair:5:   layout_cave_pods
Lair:6:   wormcave, layout_layer_cave, guppyfry_lair_end_dragon,
          minmay_slime_entry_pillars, serial_bayou_shore_a
Swamp:1:  layout_basic_swamp, evilmike_swamp_ruin_house_2
Swamp:2:  layout_falls_marsh, serial_swamp_ruin, hangedman_swamp_ruin_wall,
          evilmike_swamp_ruin_house_5, evilmike_swamp_ruin_rubble_1
Swamp:3:  layout_basic_swamp, hangedman_swamp_lotus, hangedman_swamp_wriggling
Swamp:4:  swamp_icy, layout_basic_swamp
Orc:1:    layout_diamond_mine
Orc:2:    grunt_orc_community_town_hall, layout_caves,
          grunt_orc_community_big_house_2, grunt_orc_community_big_house_1,
          grunt_orc_community_house_2, grunt_orc_community_house_1,
          grunt_orc_community_house_3, grunt_orc_community_house_2,
          grunt_orc_community_house_3, minmay_shop_mass,
          nicolae_orc_lost_temple, uniq_jorgrun

Skill      XL: |  1  2  3  4  5  6  7  8  9 10 11 12 13 14 15 16 |
---------------+-------------------------------------------------+-----
Long Blades    | 4 5 6 7 8 11 12 13 15 16 18 19 20 21 | 21.2
Fighting       | 4 5 6 8 9 10 11 12 13 14 15 16 | 16.3
Armour         | 4 6 8 10 11 12 13 14 15 16 | 16.1
Dodging        | 3 5 7 9 10 11 12 13 | 13.6
Shields        | 2 |  2.5

Action                   |  1- 3 |  4- 6 |  7- 9 | 10-12 | 13-15 | 16-18 || total
-------------------------+-------+-------+-------+-------+-------+-------++-------
Melee: Falchion          |    58 |       |       |       |       |       ||    58
       Headbutt          |     9 |    28 |    56 |   144 |   332 |    85 ||   654
       Long sword        |     5 |   139 |   254 |   176 |       |       ||   574
       Great sword       |       |       |       |   372 |  1192 |   332 ||  1896
       Triple sword      |       |       |       |       |     4 |     2 ||     6
       Scimitar          |       |       |       |       |    16 |     6 ||    22
Throw: Stone             |    20 |    26 |    78 |    39 |   112 |    18 ||   293
Invok: Berserk           |     1 |     3 |     4 |     7 |     8 |     3 ||    26
       Brothers in Arms  |       |       |       |     1 |     1 |     2 ||     4
       Trog's Hand       |       |       |       |     1 |       |     1 ||     2
  Use: Scroll            |       |    12 |     6 |     7 |     8 |     1 ||    34
       Potion            |       |       |       |     2 |     5 |     2 ||     9
 Stab: Distracted        |       |       |       |       |     1 |       ||     1
  Eat: Chunk             |       |    10 |    10 |    30 |    70 |    14 ||   134
       Ration            |       |       |     2 |     2 |       |     1 ||     5
Armor: Animal skin       |    13 |       |       |       |       |       ||    13
       Chain mail        |    12 |   115 |   147 |   378 |   701 |   261 ||  1614
Dodge: Dodged            |    50 |    78 |   124 |   409 |   754 |   274 ||  1689
       Rpst.: Falchion   |     7 |       |       |       |       |       ||     7
       Long sword        |       |    15 |    27 |    42 |       |       ||    84
       Great sword       |       |       |       |    66 |   154 |    45 ||   265
       Scimitar          |       |       |       |       |     3 |     1 ||     4
